AoeStats
← ¬koJ

Baltic

510672723Analyzed
3v3 RM · 15h ago on Oct 2, 2026· 36m 30s· 6 players
Game mode
Random Map
Map size
Normal (6 player)
Population
200
Speed
Normal
Resources
Standard
Victory
Conquest
Starting age
Dark Age
Ending age
Imperial Age
RankedLock teamsTeams togetherTeam positionsShared explorationLock speedFull tech treeHidden civsTurbo modeCheats
Victory
Defeat
🇧🇷 Japanese · Brazil
1084
+15
🇧🇷 Inca · Brazil
1045
+17
🇧🇷 Ethiopians · Brazil
1022
+18
🇹🇼 Danes · Taiwan
1115
-19
🇦🇷 Italians · Argentina
1060
-16
🇪🇨 Mongols · Ecuador
1030
-15
Zulks
10:04 Loom
12:37 Feudal Age
13:08 Champi Runner
13:49 Double-Bit Axe
20:17 Castle Age
18:19 Fletching
22:55 Crossbowman
36:13 Wheelbarrow
¬koJ
11:10 Feudal Age
9:41 Loom
12:17 Double-Bit Axe
12:50 Fishing Lines
13:28 Fletching
16:51 Gold Mining
16:54 Stone Mining
21:04 Castle Age
21:44 Bodkin Arrow
22:17 Medium Warships
24:11 Ballistics
29:53 Imperial Age
27:23 Horse Collar
28:54 Gillnets
29:46 Scale Mail Armor
31:01 Conscription
32:08 Bow Saw
32:28 Forging
34:10 Wheelbarrow
33:21 Town Watch
38:00 Two-Man Saw
37:37 Gold Shaft Mining
Nebrown#1 JUGGERNAUT
7:53 Loom
11:20 Feudal Age
13:08 Fletching
16:58 Padded Archer Armor
21:44 Castle Age
20:07 Double-Bit Axe
22:03 Horse Collar
22:39 Bodkin Arrow
23:00 Leather Archer Armor
22:07 Crossbowman
23:14 Bow Saw
24:15 Ballistics
23:52 Gold Mining
26:39 Wheelbarrow
28:39 Heavy Plow
37:19 Imperial Age
35:49 Masonry
35:50 Thumb Ring
Asura
0:32 Loom
15:35 Feudal Age
17:08 Wheelbarrow
16:20 Double-Bit Axe
21:49 Fishing Lines
25:13 Fletching
27:17 Horse Collar
30:39 Castle Age
32:22 Light Cavalry
SIR LOOR FAAL
9:26 Feudal Age
14:15 Castle Age
12:20 Double-Bit Axe
John G
7:35 Loom
12:51 Feudal Age
13:37 Fishing Lines
13:54 Double-Bit Axe
14:51 Wheelbarrow
14:56 Gold Mining
15:50 Fletching
16:04 Padded Archer Armor
24:23 Castle Age
22:57 Stone Mining
26:10 Bow Saw
27:06 Gillnets
29:46 Bodkin Arrow
32:38 Hand Cart
33:34 Leather Archer Armor
Connection lost

Rejoining the realm…

Still unreachable

The connection could not be restored.

Session expired

The server has moved on; the page needs a fresh start.